 Dungeon Crawl Stone Soup version 0.28.0-49-g6dfe1f597d (webtiles) character file.

Game seed: 10023534945189850524

57 Zeld the Caller (level 3, -1/15 HPs)
             Began as a Felid Summoner on May 19, 2022.
             Slain by an adder (4 damage)
             ... on level 2 of the Dungeon.
             The game lasted 00:02:39 (2416 turns).

Zeld the Caller (Felid Summoner)                    Turns: 2416, Time: 00:02:40

Health: -1/15      AC:  1    Str:  4    XL:     3   Next: 73%
Magic:  3/8        EV: 18    Int: 18    God:
Gold:   32         SH:  0    Dex: 16    Spells: 1/7 levels left
                                        Lives:  0   Deaths: 0

rFire   . . .      SeeInvis +   (weapon unavailable)
rCold   . . .      Faith    .   (shield unavailable)
rNeg    . . .      Spirit   .   (armour unavailable)
rPois   .          Reflect  .   (helmet unavailable)
rElec   .          Harm     .   (cloak unavailable)
rCorr   .          Rampage  .   (gloves unavailable)
Will    .....                   (boots unavailable)
Stlth   ++........              (no amulet)
HPRegen 0.05/turn               (no ring)
MPRegen 0.11/turn               (no ring)

@: quick
A: very small, claws 1, fangs 3, see invisible, speed 1, shaggy fur 1, stealthy
paws, no weapons or thrown items, no armour, multi-lived
a: no special abilities


You were on level 2 of the Dungeon.
You visited 1 branch of the dungeon, and saw 2 of its levels.

You collected 32 gold pieces.

Inventory:

Wands
 c - a wand of flame (15)
Scrolls
 b - a scroll of silence {unknown}
Potions
 a - 3 potions of heal wounds {unknown}


   Skills:
 + Level 1.2 Fighting
 + Level 3.2 Dodging
 - Level 2.6 Stealth
 * Level 2.7 Spellcasting
 * Level 4.5 Summonings


You had one spell level left.
You knew the following spells:

 Your Spells              Type           Power      Damage    Failure   Level
a - Summon Small Mammal   Summ           72%        N/A       2%          1
b - Call Imp              Summ           18%        N/A       4%          2
c - Call Canine Familiar  Summ           18%        N/A       8%          3

Your spell library contained the following spells:

 Spells                   Type           Power      Damage    Failure   Level
 Summon Guardian Golem    Hex/Summ       10%        N/A       21%         3
 Summon Lightning Spire   Summ/Air       10%        N/A       54%         4


Dungeon Overview and Level Annotations

Branches:
Dungeon (2/15)

Altars:


Innate Abilities, Weirdness & Mutations

You have sharp claws.
You have razor-sharp teeth.
You have supernaturally acute eyesight. (SInv)
You cover ground quickly. (Speed+)
You are covered in fur. (AC +1)
Your paws help you pounce on unaware monsters.
You are incapable of wielding weapons or throwing items.
You cannot wear armour.
You gain extra lives every three experience levels.


Message History

The adder is moderately wounded.
The adder barely misses you. The adder bites you.
You are poisoned.
The adder poisons you!
You barely miss the adder.
The adder is moderately wounded.
You feel sick. The adder barely misses you.
You barely miss the adder.
The adder is moderately wounded.
You feel sick. The adder bites you but does no damage.
Casting: Summon Small Mammal (safe; 2% risk of failure)
Confirm with . or Enter, or press ? or * to list all spells.
A beastly little devil appears in a puff of flame.
You feel sick. The adder barely misses you.
You feel sick.
You are no longer poisoned.
You are too injured to fight recklessly!
You completely miss the adder.
The adder is moderately wounded.
The adder bites you.
* * * LOW HITPOINT WARNING * * *
The adder misses you.
You are too injured to fight recklessly!
You are too injured to fight recklessly!
You are too injured to fight recklessly!
You barely miss the adder.
The adder is moderately wounded.
Your crimson imp closely misses the adder.
The adder misses you.
You scratch the adder but do no damage.
The adder is moderately wounded.
Your crimson imp misses the adder.
The adder misses you.
Casting: Call Imp (safe; 4% risk of failure)
Confirm with . or Enter, or press ? or * to list all spells.
The spell is extremely dangerous to miscast (8% risk of failure)!
Continue anyway?
The adder bites you.
* * * LOW HITPOINT WARNING * * *
Your crimson imp closely misses the adder.
The adder bites you.
You die...

# #.# ##.# # #.#
#.# ## #.### ..
###...# #.#
#...#..# ..# # #
#...##....##.. #
#...####.....# #
.#####...##).......
# ..........@S5.##
# .#####...$.#### #
#†.h.## . #†..!# ..
#....# ... #.>###
#.## ..# .###


You could see an adder (ally target), a friendly hound (summoned) and a friendly
crimson imp (summoned).

Vanquished Creatures
  A worm (D:2)
  2 dart slugs (D:2)
  2 endoplasms
  A giant cockroach (D:1)
  A goblin (D:1)
  4 ball pythons
  3 bats (D:1)
  2 frilled lizards
  2 kobolds (D:1)
  2 rats
20 creatures vanquished.

Vanquished Creatures (collateral kills)
  A gnoll (D:1)
  3 ball pythons
  2 endoplasms (D:2)
  3 goblins
  4 hobgoblins
  A jackal (D:1)
  2 quokkas
  A bat (D:1)
17 creatures vanquished.

Grand Total: 37 creatures vanquished

Notes
Turn   | Place    | Note
-------+----------+-------------------------------------------
     0 | D:1      | Zeld the Felid Summoner began the quest for the Orb.
     0 | D:1      | Reached XP level 1. HP: 7/7 MP: 4/4
   378 | D:1      | Reached XP level 2. HP: 11/12 MP: 4/6
   835 | D:1      | Reached XP level 3. HP: 7/15 MP: 4/7
   838 | D:1      | Learned a level 2 spell: Call Imp
   842 | D:1      | Learned a level 3 spell: Call Canine Familiar
   994 | D:1      | Reached skill level 1 in Fighting
  2416 | D:2      | Slain by an adder

Illustrated notes

Levels and vault maps discovered:
D:1:      dpeg_arrival_simpleton_c, layout_basic, minmay_misc_feat_iff,
          minmay_close_crescents
D:2:      layout_rooms

Skill      XL: |  1  2  3 |
---------------+----------+-----
Dodging        | 3 |  3.2
Fighting       | 1 |  1.2
Stealth        | |  2.6
Spellcasting   | |  2.7
Summonings     | |  4.5

Action                   || total
-------------------------++-------
Melee: Unarmed           ||   105
       Bite              ||     9
 Cast: Summon Small Mamm ||    36
       Call Imp          ||     4
       Call Canine Famil ||     1
 Stab: Distracted        ||     1
       Sleeping          ||     1
Armor: Skin              ||    11
Dodge: Dodged            ||   122
